 Dungeon Crawl Stone Soup version 0.31-a0-222-gefeffbb62a (webtiles) character file.

Game seed: 7411227550245472040

2090 Edyrem the Slicer (level 9, 0/59 HPs)
             Began as a Kobold Brigand on July 6, 2023.
             Was a Follower of Wu Jian.
             Slain by a wyvern (15 damage)
             ... on level 7 of the Dungeon.
             The game lasted 00:15:41 (5890 turns).

Edyrem the Slicer (Kobold Brigand)                  Turns: 5890, Time: 00:15:42

Health: 0/59       AC:  7    Str:  9    XL:     9   Next: 52%
Magic:  9/9        EV: 18    Int: 12    God:    Wu Jian [*.....]
Gold:   439        SH:  0    Dex: 20    Spells: 8/8 levels left

rFire   . . .        b - +1 rapier
rCold   + . .        (no shield)
rNeg    . . .        E - +0 steam dragon scales
rPois   .            (no helmet)
rElec   .            c - +1 cloak
rCorr   .            (no gloves)
SInv    +            (no boots)
Will    .....        (no amulet)
Stlth   +++++        q - ring of see invisible
HPRegen 0.29/turn    z - ring of protection from cold
MPRegen 0.11/turn

%: no passive effects
@: no status effects
A: small, no large weapons, nightstalker 3
a: Renounce Religion


You were on level 7 of the Dungeon.
You worshipped Wu Jian.
Wu Jian was aware of your devotion.
You visited 2 branches of the dungeon, and saw 8 of its levels.

You collected 439 gold pieces.

Inventory:

Hand Weapons
 a - a +4 dagger
 b - a +1 rapier (weapon)
 h - a +3 short sword
 y - the +3 whip of the Weasel {flame, Int+2}
   (You found it on level 6 of the Dungeon)

   Int:       It affects your intelligence (+2).
Missiles
 d - 20 poisoned darts (quivered)
 e - 3 curare-tipped darts
Armour
 c - a +1 cloak (worn)
 E - +0 steam dragon scales (worn)
Jewellery
 q - a ring of see invisible (left hand)
 s - a ring of wizardry
 z - a ring of protection from cold (right hand)
Wands
 o - a wand of digging (2)
 v - a wand of mindburst (21)
 B - a wand of flame (13)
Scrolls
 f - a scroll of blinking
 g - a scroll of summoning
 j - 3 scrolls of immolation
 m - 2 scrolls of enchant armour
 u - 3 scrolls of teleportation
 w - a scroll of enchant weapon
 x - a scroll of fog
Potions
 i - a potion of curing {@q2}
 k - 2 potions of magic
 n - a potion of brilliance
 p - 2 potions of haste
 t - 2 potions of lignification
 A - a potion of invisibility
 C - a potion of attraction


   Skills:
 * Level 7.9 Fighting
 * Level 9.5 Short Blades
 - Level 2.1 Throwing
 + Level 5.6 Dodging
 + Level 8.6 Stealth


You had 8 spell levels left.
You didn't know any spells.
Your spell library contained the following spells:

 Spells                   Type           Power      Damage    Failure   Level
 Freeze                   Ice            0%         1d3       32%         1
 Poisonous Vapours        Pois/Air       0%         N/A       45%         2
 Frozen Ramparts          Ice            0%         1d1       69%         3
 Hailstorm                Conj/Ice       0%         3d3       69%         3
 Mephitic Cloud           Conj/Pois/Air  0%         N/A       69%         3
 Ice Form                 Ice/Tmut       0%         N/A       97%         4
 Summon Ice Beast         Ice/Summ       0%         N/A       97%         4
 Freezing Cloud           Conj/Ice/Air   0%         6-21      100%        5


Dungeon Overview and Level Annotations

Branches:
Dungeon (7/15)             Temple (1/1) D:4

Altars:
Cheibriados
Dithmenos
Fedhas
Kikubaaqudgha
Makhleb
Nemelex Xobeh
Okawaru
Qazlal
Trog
Vehumet
Wu Jian
Xom
Yredelemnul
The Shining One

Shops:
D:2 ?   D:5 *

Annotations:
D:3 1 runed translucent door


Innate Abilities, Weirdness & Mutations

You are small and have problems with some larger weapons.
You are completely attuned to the shadows.


Message History

The sky beast hits you but does no damage.
You puncture the sky beast! Your punch misses the sky beast.
The sky beast is moderately wounded.
You hit the sky beast.
The sky beast is heavily wounded.
The orc priest mumbles some strange prayers to Beogh against you.
Beogh smites you!
* * * LOW HITPOINT WARNING * * *
The sky beast completely misses you.
You puncture the sky beast!
The sky beast is severely wounded.
The sky beast barely misses you.
You feel much better.
The sky beast hits you but does no damage.
You hit the sky beast.
The sky beast is almost dead.
The sky beast barely misses you.
You closely miss the sky beast.
The sky beast is almost dead.
You puncture the sky beast!
You kill the sky beast!
The Council accepts your kill.
You barely miss the wyvern. The wyvern closely misses you.
You hit the wyvern.
The wyvern is moderately wounded.
The wyvern misses you. The wyvern bites you!
You puncture the wyvern!
The wyvern is heavily wounded.
The wyvern completely misses you.
You hit the wyvern but do no damage.
The wyvern is heavily wounded.
The wyvern bites you!
* * * LOW HITPOINT WARNING * * *
You puncture the wyvern!
The wyvern is almost dead.
The wyvern bites you but does no damage.
You hit the wyvern but do no damage.
The wyvern is almost dead.
The wyvern bites you!
You die...

#)# .. #)###...
#)).#... ##......
#...#. #.#(#
#o#.# #l#.# #@#..
##.## #...# #...#
#...# ##.##
#############.###
#.....^.........#
#.##....####....#


You could see a wyvern and an orc priest.

Vanquished Creatures
  The ghost of pokeman the Thaumaturge, a novice DEHW (D:6)
  A steam dragon (D:6)
  Menkaure (D:5)
  A sky beast (D:7)
  An orc warrior (D:6)
  An ice beast (D:5)
  A centaur (D:6)
  A phantom (D:6)
  The ghost of DivineBovine the Digger, an amateur DEEE (D:3)
  A bullfrog (D:3)
  3 scorpions
  A howler monkey (D:6)
  A crimson imp (D:5)
  3 hounds
  A jelly (D:4)
  4 orc priests
  A sleepcap (D:4)
  Natasha (thrice) (D:3)
  2 orc wizards
  A mummy (D:5)
  11 adders
  3 gnolls
  A white imp (D:4)
  An ufetubus (D:5)
  3 worms
  4 dart slugs
  21 orcs
  6 ball pythons
  4 bats
  A bat zombie (D:2)
  6 endoplasms
  4 giant cockroaches
  10 goblins
  12 hobgoblins
  13 jackals
  4 quokkas
  A ball python skeleton (D:2)
  A ball python zombie (D:2)
  4 frilled lizards
  A jackal zombie (D:2)
  8 kobolds
  A quokka skeleton (D:2)
  6 rats
156 creatures vanquished.

Notes
Turn   | Place    | Note
-------+----------+-------------------------------------------
     0 | D:1      | Edyrem the Kobold Brigand began the quest for the Orb.
     0 | D:1      | Reached XP level 1. HP: 12/12 MP: 1/1
   278 | D:1      | Reached skill level 3 in Short Blades
   278 | D:1      | Reached XP level 2. HP: 12/18 MP: 2/2
   428 | D:1      | Reached XP level 3. HP: 21/22 MP: 3/3
   938 | D:2      | Found The Oracle's Delphic Readings.
  1004 | D:2      | Reached XP level 4. HP: 28/28 MP: 4/4
  1187 | D:2      | Reached skill level 4 in Short Blades
  1653 | D:2      | Reached XP level 5. HP: 32/32 MP: 5/5
  2005 | D:3      | Found a runed translucent door.
  2176 | D:3      | Noticed Natasha
  2184 | D:3      | HP: 1/33 [Natasha (2)]
  2191 | D:3      | Killed Natasha
  2198 | D:3      | Found a runed translucent door.
  2199 | D:3      | Noticed a bullfrog
  2394 | D:3      | Noticed Natasha
  2400 | D:3      | Killed Natasha
  2401 | D:3      | Reached skill level 5 in Short Blades
  2401 | D:3      | Reached XP level 6. HP: 26/38 MP: 6/6
  2549 | D:3      | Noticed Natasha
  2566 | D:3      | Killed Natasha
  2723 | D:3      | Noticed DivineBovine's ghost (amateur DEEE)
  2738 | D:3      | Killed DivineBovine's ghost
  2805 | D:3      | Reached XP level 7. HP: 44/44 MP: 7/7
  2906 | D:4      | Reached skill level 5 in Fighting
  2915 | D:4      | Reached skill level 6 in Short Blades
  3259 | D:4      | Found a staircase to the Ecumenical Temple.
  3268 | Temple   | Entered the Ecumenical Temple
  3298 | Temple   | Became a worshipper of the Wu Jian Council
  3453 | D:4      | You fall into a shaft and drop 3 floors!
  3486 | D:6      | Identified the +3 whip of the Weasel {flame, Int+2}
  3501 | D:5      | Entered Level 5 of the Dungeon
  3603 | D:5      | Found Pagiadgh's Mayhem Merchandise.
  3614 | D:5      | Noticed Menkaure
  3622 | D:5      | Killed Menkaure
  3623 | D:5      | Reached skill level 7 in Short Blades
  3623 | D:5      | Reached XP level 8. HP: 51/51 MP: 8/8
  4392 | D:5      | Reached * piety under Wu Jian
  4752 | D:5      | Found a burning altar of Makhleb.
  4823 | D:5      | Found a snail-covered altar of Cheibriados.
  5078 | D:6      | Found a runed translucent gate.
  5079 | D:6      | Found a runed translucent gate.
  5080 | D:6      | Found a runed translucent gate.
  5120 | D:6      | Reached skill level 8 in Short Blades
  5476 | D:6      | Reached skill level 5 in Dodging
  5476 | D:6      | Reached XP level 9. HP: 57/57 MP: 9/9
  5545 | D:6      | Noticed pokeman's ghost (novice DEHW)
  5635 | D:6      | Killed pokeman's ghost
  5636 | D:6      | Reached skill level 9 in Short Blades
  5890 | D:7      | Slain by a wyvern

Illustrated notes

Levels and vault maps discovered:
D:1:      psy_arrival_whirlpool, layout_loops_ring, minmay_tree_intersection,
          hangedman_decor_lopped
D:2:      kennysheep_six_static_rooms, layout_loops_ring, serial_undead,
          serial_undead_d, serial_undead_b, serial_undead_a, serial_undead_a,
          nicolae_nh_oracle_at_delphi
D:3:      layout_rooms, ebering_ghost_sewer_f, st_stairs_7, uniq_natasha
D:4:      cheibrodos_pilgrimage, layout_basic, minmay_temple_entry_trees
D:5:      layout_rooms, makhleb_grotto_becter, chei_slow_surprise,
          minmay_misc_feat_rows, minmay_shop_mayhem, uniq_menkaure
D:6:      layout_rooms, ebering_ghost_rock_garden,
          minmay_misc_feat_four_crosses, lightli_minifort
D:7:      layout_basic, chequers_temple_overflow_statue_of_worship,
          old_standard_altar, mainiacjoe_overflow_divided_tiny
Temple:   hellmonk_temple_two_chambers

Skill      XL: |  1  2  3  4  5  6  7  8  9 |
---------------+----------------------------+-----
Short Blades   | 3 4 5 7 8 9 |  9.5
Fighting       | 3 4 5 7 |  7.9
Dodging        | 2 3 4 5 |  5.6
Stealth        | 6 7 8 |  8.6
Throwing       | |  2.1

Action                     |  1- 3 |  4- 6 |  7- 9 || total
---------------------------+-------+-------+-------++-------
  Melee: Dagger            |    69 |    29 |    81 ||   179
         Punch             |     1 |     1 |     6 ||     8
         Rapier            |    23 |   181 |   241 ||   445
         Short sword       |       |     2 |       ||     2
  Throw: Dart              |       |     4 |       ||     4
Ability: Lunge             |       |       |    30 ||    30
         Whirlwind         |       |       |    16 ||    16
    Use: Scroll            |       |    11 |     6 ||    17
         Potion            |       |     1 |     6 ||     7
   Stab: Sleeping          |    12 |    16 |    29 ||    57
         Distracted        |     1 |       |       ||     1
 Armour: Robe              |    15 |       |       ||    15
         Leather armour    |       |    57 |    48 ||   105
         Steam dragon scal |       |       |    23 ||    23
  Dodge: Dodged            |    49 |   161 |   214 ||   424

Table legend: (Time is in decaauts)
 A = Elapsed time spent in this place.
 B = Non-inter-level travel time spent in this place.
 C = Inter-level travel time spent in this place.
 D = Time resting spent in this place.
 E = Time spent auto-exploring this place.
 F = Levels seen in this place.
 G = Mean time per level.
                   A        B        C        D        E       F      G
               +--------+--------+--------+--------+--------+-----+--------+
         Total |   5809 |   5507 |    302 |     50 |   4014 |   8 |  726.1 |
       Dungeon |   5770 |   5477 |    293 |     50 |   3999 |   7 |  824.3 |
        Temple |     39 |     30 |      9 |      0 |     15 |   1 |   39.0 |
               +--------+--------+--------+--------+--------+-----+--------+

Top non-repeatable levels by time:
     D:4: 1189 daAuts
     D:3: 994 daAuts
     D:2: 983 daAuts
     D:1: 839 daAuts
     D:5: 829 daAuts
     D:6: 828 daAuts
     D:7: 104 daAuts
  Temple: 39 daAuts
